cohdb
Replays
Latest Replays
All Replays
Popular Replays
Top Player Replays
Match Explorer
How It Works
Community
CoH3 Stats
Reddit
Sign in to upload your games and track your stats! →
Sign in with Steam
Match 37998428
Unlisted
Match 37998428
Overview
Messages
Build Orders
End
Pioneer Squad
Construct Infanterie Kompanie
Grenadier Squad
MG 42 Machine Gun Team
Grenadier Squad
Infanterie Officer Quarters
Grenadier Squad
Construct Panzergrenadier Kompanie
251 Medium Carrier
Selects Mechanized Battlegroup
Selects Raid Package
Selects StuG Assault Group
Selects UNKNOWN (2160084)
StuG Assault Group
Construct Panzer Kompanie
Selects Mobile Repair Stations
Selects Wespe Self-propelled Artillery
Pioneer Squad
Stoßtruppen Squad
Stoßtruppen Squad
Panther Heavy Tank
Selects Zeroing Artillery Barrage
Panzer Officer Quarters
Stoßtruppen Squad
Medical Station
Zeroing Artillery Barrage
<Alpha>saltingfish
Mr.Faraam
Bobokhan
Nolo
[GI] Bilbo Swaggins
sundr
bidovabeast
Tanith's Finest
0
0
Comments
sign in to comment!
No comments posted yet!